 Dungeon Crawl Stone Soup version 0.28.0-53-g5a82cb258f (webtiles) character file.

Game seed: 17798954180111489466

407 Gabide the Cudgeller (level 6, -4/50 HPs)
             Began as a Palentonga Delver on May 28, 2022.
             Slain by a meliai zombie (5 damage)
             ... on level 6 of the Dungeon.
             The game lasted 00:02:15 (1018 turns).

Gabide the Cudgeller (Palentonga Delver)            Turns: 1018, Time: 00:02:16

Health: -4/50      AC:  5    Str: 17    XL:     6   Next: 57%
Magic:  6/6        EV:  9    Int: 10    God:
Gold:   14         SH:  0    Dex: 12    Spells: 5/5 levels left

rFire   . . .      SeeInvis +   a - +0 mace
rCold   . . .      Faith    .   (no shield)
rNeg    . . .      Spirit   .   b - +0 leather armour
rPois   .          Reflect  .   (no helmet)
rElec   .          Harm     .   (no cloak)
rCorr   .          Rampage  .   l - +0 pair of gloves
Will    .....                   (no barding)
Stlth   ++........              (no amulet)
HPRegen 0.16/turn               (no ring)
MPRegen 0.10/turn               (no ring)

@: hasted, very quick
A: large, rugged brown scales 3, see invisible, deformed body, roll 1, armoured
tail
a: Rolling Charge


You were on level 6 of the Dungeon.
You visited 1 branch of the dungeon, and saw 2 of its levels.

You collected 14 gold pieces.

Inventory:

Hand Weapons
 a - a +0 mace (weapon)
Armour
 b - a +0 leather armour (worn)
 l - a +0 pair of gloves (worn)
Magical Staves
 d - a staff of earth
Wands
 g - a wand of digging (3)
 h - a wand of acid (5)
Scrolls
 c - a scroll of fog
 e - a scroll of fear
 i - a scroll of noise {unknown}
 j - a scroll of summoning {unknown}
Potions
 k - a potion of heal wounds {unknown}


   Skills:
 - Level 3.0 Fighting
 + Level 6.9 Maces & Flails
 - Level 2.0 Dodging
 - Level 3.5 Stealth


You had 5 spell levels left.
You didn't know any spells.
Your spell library was empty.

Dungeon Overview and Level Annotations

Branches:
Dungeon (6/15)
 Temple: D:4-7

Altars:


Innate Abilities, Weirdness & Mutations

You are completely covered in rugged brown scales. (AC +3, +7% HP)
You have supernaturally acute eyesight. (SInv)
Armour fits poorly on your strangely shaped body.
You can roll at nearby foes to attack.
You have a long armoured tail.


Message History

The meliai zombie hits you but does no damage.
You closely miss the meliai zombie. The meliai zombie hits you. x3
The meliai zombie barely misses you.
You barely miss the meliai zombie. The meliai zombie hits you.
The meliai zombie barely misses you. The meliai zombie hits you. x2
Aiming: Corrosive Bolt
Press: ? - help, Shift-Dir - straight line, f/p - meliai zombie
Aim: a meliai zombie (75% to hit)
The bolt of acid misses the meliai zombie.
The meliai zombie hits you but does no damage.
The meliai zombie closely misses you. The meliai zombie hits you.
The meliai zombie completely misses you.
Aiming: Corrosive Bolt
Press: ? - help, Shift-Dir - straight line, f/p - meliai zombie
Aim: a meliai zombie (75% to hit)
The bolt of acid hits the meliai zombie!
The acid corrodes the meliai zombie!
The meliai zombie is lightly damaged.
The meliai zombie hits you.
* * * LOW HITPOINT WARNING * * *
The meliai zombie hits you but does no damage.
The meliai zombie barely misses you. The meliai zombie hits you.
* * * LOW HITPOINT WARNING * * *
There's nothing to close nearby.
Aiming: Corrosive Bolt
Press: ? - help, Shift-Dir - straight line, f/p - meliai zombie
Aim: a meliai zombie (lightly damaged, covered in acid, 75% to hit)
The bolt of acid hits the meliai zombie!
The meliai zombie seems to be corroded for longer.
The meliai zombie is moderately damaged.
The meliai zombie hits you.
* * * LOW HITPOINT WARNING * * *
The meliai zombie misses you.
Okay, then.
You feel yourself speed up.
The meliai zombie completely misses you.
The meliai zombie hits you.
* * * LOW HITPOINT WARNING * * *
The meliai zombie hits you.
You die...

###### #.......#
#....## #.......#
#......
#.......'.......#......
#.......#.......#......
#.......#.......##...##
#.......#........######
#.....Z.#........#.....
#.....@.#........#.....
#.......#........#.....
#.......#........###.##
#.......###'##.....#.##
#.......'....'.....#...
#.......#....#.....'...
#.......#....#.....#...
#######'######.....####
.................


You could see a meliai zombie (corroded).

Vanquished Creatures
  Menkaure (D:5)
  2 ogres (D:6)
  A bullfrog zombie (D:6)
  A hound (D:6)
  2 iguanas (D:6)
  A hound skeleton (D:5)
8 creatures vanquished.

Notes
Turn   | Place    | Note
-------+----------+-------------------------------------------
     0 | D:5      | Gabide the Palentonga Delver began the quest for the Orb.
     0 | D:5      | Reached XP level 1. HP: 19/19 MP: 1/1
    99 | D:5      | Noticed Menkaure
   102 | D:5      | Killed Menkaure
   103 | D:5      | Reached skill level 4 in Maces & Flails
   103 | D:5      | Reached XP level 2. HP: 25/25 MP: 2/2
   103 | D:5      | Reached XP level 3. HP: 31/31 MP: 3/3
   103 | D:5      | Reached XP level 4. HP: 37/37 MP: 4/4
   167 | D:6      | Reached skill level 5 in Maces & Flails
   167 | D:6      | Reached XP level 5. HP: 33/43 MP: 5/5
   291 | D:6      | Noticed an ogre
   294 | D:6      | Killed an ogre
   295 | D:6      | Reached skill level 6 in Maces & Flails
   295 | D:6      | Reached XP level 6. HP: 50/50 MP: 6/6
  1018 | D:6      | HP: 1/50 [meliai zombie (4)]
  1018 | D:6      | Slain by a meliai zombie

Illustrated notes

Levels and vault maps discovered:
D:5:      layout_basic, lemuel_tele_altar, kennysheep_mini_moat,
          mainiacjoe_overflow_catwalk, ebering_ghost_rock_garden, uniq_edmund,
          uniq_menkaure, uniq_blork_the_orc
D:6:      layout_gridville, kennysheep_little_box

Skill      XL: |  1  2  3  4  5 |
---------------+----------------+-----
Maces & Flails | 4 5 6 |  6.9
Dodging        | 2 |  2.0
Fighting       | |  3.0
Stealth        | |  3.5

Action                   |  1- 3 |  4- 6 || total
-------------------------+-------+-------++-------
Melee: Mace              |       |    37 ||    37
       Tailslap          |       |     5 ||     5
       Punch             |       |     1 ||     1
 Abil: Rolling Charge    |       |     7 ||     7
Evoke: Wand              |     3 |     7 ||    10
  Use: Scroll            |     1 |       ||     1
       Potion            |       |     1 ||     1
Armor: Leather armour    |       |    15 ||    15
Dodge: Dodged            |       |    21 ||    21
